 Dungeon Crawl Stone Soup version 0.31-a0-703-gcfe89afef6 (webtiles) character file.

Game seed: 878918621426915396

149 cforsyth the Trooper (level 5, -4/42 HPs)
             Began as a Djinni Chaos Knight on Sept 9, 2023.
             Was a Plaything of Xom.
             Slain by an orc priest
             ... wielding a +0 flail
              (9 damage)
             ... on level 4 of the Dungeon.
             The game lasted 00:03:00 (2738 turns).

cforsyth the Trooper (Djinni Chaos Knight)          Turns: 2738, Time: 00:03:01

Health: -4/42      AC:  5    Str: 11    XL:     5   Next: 56%
Gold:   219        EV: 11    Int: 16    God:    Xom [...*..] SH:  0 Dex: 12

rFire   + + +        a - +0 falchion (chaos)
rCold   x . .        (no shield)
rNeg    . . .        b - +2 leather armour
rPois   ∞            (no helmet)
rElec   .            (no cloak)
rCorr   .            (no gloves)
SInv    .            (boots unavailable)
Will    .....        g - amulet of the acrobat
Stlth   +            (no ring)
HPRegen 0.27/turn    (no ring)
MPRegen 0.00/turn

%: acrobat, infuse magic (-5 HP)
@: flying
A: sickness immunity, fire resistance 3, cold vulnerability 1, float, innate
caster, HP casting, extra vitality 1, claws 1
a: Renounce Religion


You were on level 4 of the Dungeon.
You worshipped Xom.
You were a favourite toy of Xom.
You visited 1 branch of the dungeon, and saw 4 of its levels.

You collected 219 gold pieces.

Inventory:

Hand Weapons
 a - a +0 falchion of chaos (weapon)
Armour
 b - a +2 leather armour (worn)
Jewellery
 g - an amulet of the acrobat (around neck)
Scrolls
 d - 2 scrolls of revelation {unknown}
 e - a scroll of silence {unknown}
 h - a scroll of identify
 k - a scroll of noise {unknown}
 m - a scroll of poison {unknown}
 n - 2 scrolls of teleportation {unknown}
 q - a scroll of amnesia {unknown}
Potions
 f - a potion of heal wounds {unknown}
 i - a potion of curing {unknown}
 j - a potion of haste {unknown}
 l - 2 potions of invisibility
 o - a potion of resistance {unknown}
 p - a potion of lignification {unknown}


   Skills:
 + Level 4.6 Fighting
 - Level 2.7 Long Blades
 - Level 1.0 Armour
 - Level 2.2 Dodging
 + Level 2.3 Spellcasting
 + Level 2.3 Conjurations
 + Level 2.3 Hexes
   Level 0.0 Charms
 + Level 2.3 Summonings
 + Level 2.3 Necromancy
 + Level 2.3 Translocations
 + Level 2.3 Transmutations
 + Level 2.3 Fire Magic
 + Level 2.3 Ice Magic
 + Level 2.3 Air Magic
 + Level 2.3 Earth Magic
 + Level 2.3 Poison Magic


You knew the following spells:

 Your Spells              Type           Power      Damage    Failure   Level
a - Necrotise             Necr           36%        1d5       11%         1
b - Poisonous Vapours     Pois/Air       18%        N/A       16%         2
Your spell library was empty.

Dungeon Overview and Level Annotations

Branches:
Dungeon (4/15)
 Temple: D:4-7

Altars:
Xom

Shops:
D:4 :


Innate Abilities, Weirdness & Mutations

You are immune to sickness and miasma.
You are immune to poison.
Your flesh is almost immune to the effects of heat. (rF+++)
You are vulnerable to cold. (rC-)
You float through the air rather than walking.
You learn spells naturally, not from books.
Your magical power is your life essence.
You have superior vitality. (+4 MHP)
You have sharp fingernails.


Message History

The dart slug briefly extends its eye-stalks.
An orc comes into view. It is wielding a +0 flail.
The orc shouts!
The dart slug completely misses you.
You hit the dart slug but do no damage.
Lightning courses through the dart slug!
You kill the dart slug!
An adder comes into view.
The orc closely misses you.
The adder hisses angrily.
You slash the orc!
You kill the orc!
You closely miss the orc priest.
The orc priest hits you with a +0 flail!
You completely miss the orc priest.
The orc priest hits you with a +0 flail.
The orc priest hits you with a +0 hand axe.
The orc priest misses you. The orc closely misses you.
The orc priest closely misses you.
You hit the orc priest.
The orc priest is lightly wounded.
The orc priest mumbles some strange prayers to Beogh against you.
Pain shoots through your body! The orc barely misses you.
The orc priest misses you.
You are too injured to fight recklessly!
You are too injured to fight recklessly!
You are too injured to fight recklessly!
You are too injured to fight recklessly!
You are too injured to fight recklessly!
You are too injured to fight recklessly!
As you read the scroll labelled OTWICO DOAQUA, it crumbles to dust.
It is a scroll of identify.
l - 2 potions of invisibility The adder barely misses you.
The orc hits you with a +0 flail!
* * * LOW HITPOINT WARNING * * *
The orc priest hits you with a +0 hand axe.
* * * LOW HITPOINT WARNING * * *
The orc priest hits you with a +0 flail!
You die...
Xom snickers!

########.#...#.##....
.........#.###..#....
.#######...# ##.#....
#####..####.#....
#......#.........
########.#......####....
..>..........#### ##.##
#######o..##..... #.##
.(....o@.###.#### ....
..#...oS## #.# ...#
......... #.# .#.#
.......... .# .#
..........# ..........#
..........# ..........#


You could see 2 orc priests, an adder and an orc.

Vanquished Creatures
  A scorpion (D:3)
  An adder (D:3)
  6 worms (D:2)
  2 dart slugs (D:4)
  An orc (D:4)
  9 ball pythons
  6 endoplasms
  4 giant cockroaches
  6 goblins
  5 hobgoblins
  5 jackals (D:1)
  2 quokkas
  3 bats
  3 frilled lizards
  4 kobolds
  4 rats
62 creatures vanquished.

Vanquished Creatures (others)
  A jackal (D:1)
  A bat (D:1)
2 creatures vanquished.

Grand Total: 64 creatures vanquished

Notes
Turn   | Place    | Note
-------+----------+-------------------------------------------
     0 | D:1      | cforsyth the Djinni Chaos Knight began the quest for the
                  | Orb.
     0 | D:1      | Reached XP level 1. HP: 20/20 MP: 0/0
    27 | D:1      | XOM: silly message
   125 | D:1      | XOM: 5-stop teleportation journey
   284 | D:1      | XOM: destruction
   394 | D:1      | Reached XP level 2. HP: 21/25 MP: 0/0
   420 | D:1      | You are sucked into a shaft and drop 1 floor!
   594 | D:2      | Reached skill level 1 in Spellcasting
   594 | D:2      | Reached skill level 1 in Conjurations
   594 | D:2      | Reached skill level 1 in Hexes
   594 | D:2      | Reached skill level 1 in Summonings
   594 | D:2      | Reached skill level 1 in Necromancy
   594 | D:2      | Reached skill level 1 in Translocations
   594 | D:2      | Reached skill level 1 in Transmutations
   594 | D:2      | Reached skill level 1 in Fire Magic
   594 | D:2      | Reached skill level 1 in Ice Magic
   594 | D:2      | Reached skill level 1 in Air Magic
   594 | D:2      | Reached skill level 1 in Earth Magic
   594 | D:2      | Reached skill level 1 in Poison Magic
   704 | D:2      | XOM: butterfly on damage
   709 | D:2      | Reached XP level 3. HP: 16/30 MP: 0/0
   709 | D:2      | Learned a level 1 spell: Necrotise
   826 | D:2      | XOM: divination: magic mapping
   916 | D:1      | Found a faded altar of an unknown god.
  1448 | D:2      | XOM: scenery: create altars
  1454 | D:2      | Reached XP level 4. HP: 11/37 MP: 0/0
  1904 | D:3      | Reached skill level 4 in Fighting
  2217 | D:3      | XOM: give mutations
  2217 | D:3      | Gained mutation: Your flesh is almost immune to the effects
                  | of heat. (rF+++) [Xom's grace]
  2326 | D:3      | Noticed a scorpion
  2329 | D:3      | XOM: god gift: scroll labelled ULETUG QACHO {god gift}
  2332 | D:3      | Killed a scorpion
  2333 | D:3      | Reached XP level 5. HP: 42/42 MP: 0/0
  2333 | D:3      | Learned a level 2 spell: Poisonous Vapours
  2388 | D:3      | XOM: give mutation
  2388 | D:3      | Gained mutation: You have sharp fingernails. [Xom's grace]
  2419 | D:3      | XOM: polymorph adder -> jelly
  2595 | D:4      | XOM: cast spell 'Disjunction'
  2670 | D:4      | Found Semag's Self-Improvement Boutique.
  2738 | D:4      | Slain by an orc priest

Illustrated notes

Levels and vault maps discovered:
D:1:      eino_arrival_tree_alley, layout_loops_cross, basic_ecumenical_altar
D:2:      layout_basic, feat_on_display
D:3:      layout_basic
D:4:      layout_rooms, grunt_temple_overflow_open, minmay_misc_feat_diagonals,
          nicolae_shop_self_help

Skill      XL: |  1  2  3  4 |
---------------+-------------+-----
Spellcasting   | 1 2 |  2.3
Conjurations   | 1 2 |  2.3
Hexes          | 1 2 |  2.3
Summonings     | 1 2 |  2.3
Necromancy     | 1 2 |  2.3
Translocations | 1 2 |  2.3
Transmutations | 1 2 |  2.3
Fire Magic     | 1 2 |  2.3
Ice Magic      | 1 2 |  2.3
Air Magic      | 1 2 |  2.3
Earth Magic    | 1 2 |  2.3
Poison Magic   | 1 2 |  2.3
Fighting       | 4 |  4.6
Long Blades    | |  2.7
Armour         | |  1.0
Dodging        | |  2.2

Action                     |  1- 3 |  4- 6 || total
---------------------------+-------+-------++-------
  Melee: Falchion          |   136 |    66 ||   202
         Punch             |     1 |       ||     1
   Cast: Poisonous Vapours |       |    10 ||    10
    Use: Scroll            |       |     2 ||     2
   Stab: Sleeping          |       |     1 ||     1
 Armour: Leather armour    |    73 |    39 ||   112
  Dodge: Dodged            |    78 |    42 ||   120

Table legend: (Time is in decaauts)
 A = Elapsed time spent in this place.
 B = Non-inter-level travel time spent in this place.
 C = Inter-level travel time spent in this place.
 D = Time resting spent in this place.
 E = Time spent auto-exploring this place.
 F = Levels seen in this place.
 G = Mean time per level.
                   A        B        C        D        E       F      G
               +--------+--------+--------+--------+--------+-----+--------+
         Total |   2770 |   2688 |     82 |      0 |   2169 |   4 |  692.5 |
       Dungeon |   2770 |   2688 |     82 |      0 |   2169 |   4 |  692.5 |
               +--------+--------+--------+--------+--------+-----+--------+

Top non-repeatable levels by time:
     D:2: 1203 daAuts
     D:3: 736 daAuts
     D:1: 686 daAuts
     D:4: 145 daAuts
